[Event "*** Titled Tuesday Blitz"]
[Site "Chess.com"]
[Date "2020.12.01"]
[Round "9"]
[White "Kislov_Oleg"]
[Black "Twannibal"]
[Result "0-1"]
[WhiteElo "2362"]
[BlackElo "2494"]
[TimeControl "180+1"]
[EndTime "11:42:21 PST"]
[Termination "Twannibal won by resignation"]

1. e4 e5 2. Nf3 Nf6 3. Nxe5 d6 4.
Nf3 Nxe4 5. Nc3 Nxc3 6. dxc3 Be7 7. Be3 O-O 8. Qd2 Nd7 9. O-O-O c6 10. c4 a6 11. Bf4 Nc5 12. Bxd6 Bxd6 13. Qxd6 Qa5 14.
Kb1 Bf5 15. Be2 Rfe8 16. Nd4 Rad8 17. Qf4 Bg6 18. Bf3 Qb4 19. Nf5 Na4 20. Ne7+ Qxe7 21. h4 Qb4 22. Qe5 Rxd1+ 23. Rxd1 Rxe5 24. Rd8+ Qf8 25. Rxf8+ Kxf8 0-1

[Event "*** Titled Tuesday Blitz"]
[Site "Chess.com"]
[Date "2020.12.01"]
[Round "9"]
[White "Witik"]
[Black "MartinMatthiesen"]
[Result "1-0"]
[WhiteElo "2621"]
[BlackElo "2413"]
[TimeControl "180+1"]
[EndTime "11:42:22 PST"]
[Termination "Witik won by resignation"]

1. e4 e5 2. f4 exf4 3. Bc4 Nf6 4.
Nc3 c6 5. Bb3 d5 6. exd5 cxd5 7.
d4 Bd6 8. Nf3 O-O 9. O-O Be6 10.
Nb5 Nc6 11. Nxd6 Qxd6 12. Ng5 Bg4 13. Qd3 Nb4 14. Qc3 Rac8 15. Bxf4 Qe7 16. Rae1 Be6 17.
Qg3 Nh5 18. Bd6 Nxg3 19. Bxe7 Nxf1 20. Bxb4 Rfe8 21. Kxf1 h6 22. Nxe6 fxe6 23. Bd6 Rc6 24. Ba4 1-0

[Event "*** Titled Tuesday Blitz"]
[Site "Chess.com"]
[Date "2020.12.01"]
[Round "9"]
[White "AlexSuv"]
[Black "jacky72"]
[Result "0-1"]
[WhiteElo "2561"]
[BlackElo "2723"]
[TimeControl "180+1"]
[EndTime "11:42:23 PST"]
[Termination "jacky72 won by resignation"]

1. d4 Nf6 2. c4 g6 3. Nc3 Bg7 4.
e4 O-O 5. Nf3 d6 6. Be2 Na6 7.
O-O e5 8. d5 Nc5 9. Qc2 a5 10. b3 Ne8 11. a3 h6 12. Rb1 f5 13. Nd2 f4 14. b4 Na6 15. c5 axb4 16. axb4 dxc5 17. Bxa6 cxb4 18. Bxb7 bxc3 19. Qxc3 Bxb7 20.
Rxb7 Nd6 21. Rb1 g5 22. f3 h5 23. Ba3 g4 24. Bxd6 cxd6 25. Rb7 Rf7 26. Rfb1 Rc8 27. Qxc8 Qxc8 28. Rb8 Qxb8 29. Rxb8+ Bf8 30. Nc4 Rc7 31. Nxd6 g3 32. hxg3 fxg3 33. Kf1 Rc1+ 34. Ke2 Rc2+ 35. Kd3 Rxg2 36. Nf5 Rg1 37. Ke3 Re1+ 38. Kd2 g2 39. Kxe1 g1=Q+ 40. Ke2 Qg2+ 41. Ke3 Qg5+ 42. Ke2 Qg2+ 43.
Ke3 Qa2 44. d6 Qa7+ 45. Ke2 Qxb8 0-1

[Event "*** Titled Tuesday Blitz"]
[Site "Chess.com"]
[Date "2020.12.01"]
[Round "9"]
[White "WelshTiger"]
[Black "alexsuper1987"]
[Result "0-1"]
[WhiteElo "2448"]
[BlackElo "2355"]
[TimeControl "180+1"]
[EndTime "11:42:26 PST"]
[Termination "alexsuper1987 won by resignation"]

1. e4 e6 2. d4 d5 3. Nd2 Nf6 4. e5 Nfd7 5. Bd3 c5 6. c3 Nc6 7. Ne2 cxd4 8. cxd4 f6 9. exf6 Nxf6 10. O-O Bd6 11. Nf3 Qc7 12. h3 O-O 13. Be3 Bd7 14. Rc1 Rae8 15. Nc3 a6 16. Na4 Qb8 17. Nc5 Re7 18. Nxd7 Rxd7 19. Bxa6 Nxd4 20. Nxd4 bxa6 21.
Nxe6 Re8 22. Nd4 Qxb2 23. Qa4 Be5 24. Rc2 Qb7 25. Nc6 Bd6 26. Rfc1 Re4 27. Nd4 h6 28. Rc6 Be5 29. Ne6 Rxa4 30. Rc8+ Kf7 31. Rd8 Kxe6 0-1

[Event "*** Titled Tuesday Blitz"]
[Site "Chess.com"]
[Date "2020.12.01"]
[Round "9"]
[White "theturtlemoves"]
[Black "Chessdreamer2020"]
[Result "1-0"]
[WhiteElo "2428"]
[BlackElo "2520"]
[TimeControl "180+1"]
[EndTime "11:42:29 PST"]
[Termination "theturtlemoves won by resignation"]

1. e4 d6 2. d4 Nf6 3. Nd2 g6 4. Ngf3 Bg7 5. c3 O-O 6. Be2 c5 7. dxc5 dxc5 8. O-O Nc6 9. Re1 Qc7 10. Qc2 b6 11. a4 Bb7 12. Nc4 Rad8 13. g3 Ng4 14. Bf4 e5 15. Bg5 f6 16. Be3 Ne7 17. Nfd2 Nc8 18.
Bxg4 Nd6 19. Be6+ Kh8 20. Nxd6 Qxd6 21. Bb3 f5 22. Bg5 Rd7 23. Nc4 Qc6 24. Rad1 Rxd1 25. Qxd1 h6 26. Bc1 fxe4 27. Be3 Qf6 28. Qd6 Qf3 29.
Nxe5 Qf5 30. Nxg6+ Kh7 31. Nxf8+ Qxf8 32. Qxf8 Bxf8 33. Bf4 Kg6 34. Bb8 a6 35. Bc2 Kf5 36. f3 1-0

[Event "*** Titled Tuesday Blitz"]
[Site "Chess.com"]
[Date "2020.12.01"]
[Round "9"]
[White "bratkoo"]
[Black "Andrii_Prydun"]
[Result "1-0"]
[WhiteElo "2529"]
[BlackElo "2343"]
[TimeControl "180+1"]
[EndTime "11:42:29 PST"]
[Termination "bratkoo won by resignation"]

1. Nf3 d5 2. d4 c6 3. c4 Nf6 4.
Nc3 e6 5. g3 Nbd7 6. Bg2 Be7 7.
O-O O-O 8. b3 b6 9. Qc2 Bb7 10.
Rd1 Rc8 11. Bf4 c5 12. dxc5 Nxc5 13. cxd5 exd5 14. Qd2 Ne6 15. Nb5 Ne4 16. Qe1 a6 17. Nbd4 Bf6 18. Rac1 Rxc1 19. Bxc1 Nxd4 20. Nxd4 Re8 21.
Bb2 Qc8 22. Rc1 Qd7 23. Qd1 Bg5 24. e3 Nxf2 25. Kxf2 Bxe3+ 26. Kf1 a5 27. Qd3 Bxc1 28. Bxc1 Qc8 29. Qd2 Ba6+ 30. Kf2 Qc5 31. Bf3 a4 32. bxa4 Bc4 33. a3 Ra8 34. Bb2 Rxa4 35. Qe3 h6 36.
Qe8+ Kh7 37. Qxa4 b5 38. Qc2+ Kg8 39. Kg2 Qb6 40. Qc3 Qg6 41. Nf5 f6 42. Ne7+ 1-0

[Event "*** Titled Tuesday Blitz"]
[Site "Chess.com"]
[Date "2020.12.01"]
[Round "9"]
[White "rududuyk"]
[Black "googlegoom"]
[Result "0-1"]
[WhiteElo "2227"]
[BlackElo "2450"]
[TimeControl "180+1"]
[EndTime "11:42:30 PST"]
[Termination "googlegoom won on time"]

1. e4 c5 2. Nc3 Nc6 3. f4 g6 4. Nf3 Bg7 5. Bc4 e6 6. d3 Nge7 7. O-O d6 8. Qe1 Nd4 9. Qf2 O-O 10. f5 exf5 11. Qh4 Nxf3+ 12. Rxf3 Be6 13. Bg5 Re8 14. Rh3 h5 15. exf5 Bxc4 16. dxc4 Bd4+ 17. Kh1 Qd7 18.
fxg6 fxg6 19. Bf6 Nf5 20. Qg5 Bxf6 21. Qxf6 Qf7 22. Qg5 Re5 23. Nd5 Rf8 24. Rxh5 Ng7 0-1

[Event "*** Titled Tuesday Blitz"]
[Site "Chess.com"]
[Date "2020.12.01"]
[Round "9"]
[White "Alexsur1981"]
[Black "GelmanAlexander"]
[Result "1-0"]
[WhiteElo "2817"]
[BlackElo "2572"]
[TimeControl "180+1"]
[EndTime "11:42:32 PST"]
[Termination "Alexsur1981 won on time"]

1. e4 c5 2. Nc3 e6 3. Nf3 a6 4. g4 b5 5. d3 Bb7 6. Bg2 h6 7.
O-O d6 8. a4 b4 9. Ne2 Nf6 10. h3 g5 11. Ng3 Nbd7 12. c3 Bg7 13.
Re1 O-O 14. d4 bxc3 15. bxc3 cxd4 16. cxd4 d5 17. e5 Ne4 18. Nh5 Bh8 19. h4 f6 20. Nd2 Nxd2 21. Bxd2 fxe5 22. Qb1 Rf7 23. Qxb7 Rb8 24. Qxa6 Rb2 25. Qxe6 Rxd2 26. Bxd5 1-0

[Event "*** Titled Tuesday Blitz"]
[Site "Chess.com"]
[Date "2020.12.01"]
[Round "9"]
[White "InitiatingASC"]
[Black "enriquebutti"]
[Result "1-0"]
[WhiteElo "2426"]
[BlackElo "2077"]
[TimeControl "180+1"]
[EndTime "11:42:34 PST"]
[Termination "InitiatingASC won by resignation"]

1. Nf3 c5 2. g3 d5 3. Bg2 Nf6 4. O-O Nc6 5. d3 e6 6. Nbd2 Be7 7. c4 O-O 8. cxd5 Nxd5 9. a3 b6 10. Ne4 Bb7 11. Bd2 Qd7 12. Qa4 Rfd8 13. Rfe1 a6 14.
Rac1 Rac8 15. Neg5 h6 16. Ne4 f5 17. Nc3 b5 18.
Qb3 Bf6 19. Nxd5 exd5 20. Rxc5 Nd4 21. Qb4 Nxf3+ 22. exf3 Rxc5 23. Qxc5 Bxb2 24. Re7 Qc6 25. Bb4 Bf6 26. Rc7 Qxc5 27. Bxc5 Rc8 28. Rxc8+ Bxc8 29. f4 Be6 30. h4 d4 31. Bb7 a5 32. Bc6 Bb3 33.
Bxb5 a4 34. Bc4+ Bxc4 35. dxc4 Kf7 36. Kf1 Ke6 37. Ke2 Kd7 38. Kd3 Kc6 39. Bxd4 1-0

[Event "*** Titled Tuesday Blitz"]
[Site "Chess.com"]
[Date "2020.12.01"]
[Round "9"]
[White "PSvidler"]
[Black "PaulfromSPb"]
[Result "1-0"]
[WhiteElo "2866"]
[BlackElo "2692"]
[TimeControl "180+1"]
[EndTime "11:42:35 PST"]
[Termination "PSvidler won by resignation"]

1. c4 e5 2. g3 d6 3. Bg2 Nc6 4. e3 f5 5. d4 Nf6 6. Nc3 g6 7.
Nge2 Bg7 8. d5 Ne7 9. e4 O-O 10.
h3 Nh5 11. Bf3 Nf6 12. Bg5 fxe4 13. Bg2 Bf5 14. g4 Bd7 15. Ng3 Qe8 16. Ngxe4 Nxe4 17. Nxe4 h6 18. Be3 Qf7 19. h4 b5 20. b3 bxc4 21.
bxc4 Rab8 22. O-O Rb4 23. Rc1 a5 24. a3 Rb2 25. c5 Nxd5 26. cxd6 Nxe3 27. fxe3 Qa2 28.
Rxf8+ Bxf8 29. Qf3 Rxg2+ 30. Qxg2 Qxg2+ 31. Kxg2 cxd6 32.
Nf6+ 1-0

[Event "*** Titled Tuesday Blitz"]
[Site "Chess.com"]
[Date "2020.12.01"]
[Round "9"]
[White "kidagent"]
[Black "NiranjanNavalgund"]
[Result "1-0"]
[WhiteElo "2307"]
[BlackElo "2415"]
[TimeControl "180+1"]
[EndTime "11:42:36 PST"]
[Termination "kidagent won by resignation"]

1. e4 c5 2. b3 g6 3. Bb2 Nf6 4.
e5 Nd5 5. c4 Nc7 6. d4 cxd4 7.
Nf3 Bg7 8. Qxd4 Nc6 9. Qe3 O-O 10. Be2 d6 11. Nbd2 Bg4 12. O-O dxe5 13. Rfd1 f6 14. a3 Qc8 15. Ne4 Ne6 16. c5 Bxf3 17.
Qxf3 Ned4 18. Bc4+ Kh8 19. Qe3 Nc2 20. Qg3 Nxa1 21.
Bxa1 Rd8 22. Re1 Nd4 23. b4 Nc2 24. Rc1 Qf5 25. f3 Nxa1 26. Rxa1 Bh6 27. Qe1 Rd4 28. Bb3 Rad8 29. a4 Qf4 30. b5 f5 31. Nf2 Rb4 32.
g3 Qd4 33. Rd1 Qxd1 34. Bxd1 e4 35. Qxb4 e3 36. Qc3+ Bg7 37. Qxe3 Bd4 38. Qxe7 1-0

[Event "*** Titled Tuesday Blitz"]
[Site "Chess.com"]
[Date "2020.12.01"]
[Round "9"]
[White "paulrusan"]
[Black "MaxLeto"]
[Result "0-1"]
[WhiteElo "2248"]
[BlackElo "2372"]
[TimeControl "180+1"]
[EndTime "11:42:37 PST"]
[Termination "MaxLeto won by checkmate"]

1. e4 c5 2. b4 cxb4 3. Bb2 Nc6 4. d4 d5 5. exd5 Qxd5 6. c4 bxc3 7. Nxc3 Qa5 8. d5 Nb4 9. a3 Na6 10. Bb5+ Bd7 11. Bxd7+ Kxd7 12. Nf3 Rd8 13. O-O Kc8 14. Rc1 Kb8 15. Ne5 Nh6 16. Qf3 e6 17. Nxf7 Nxf7 18. Qxf7 exd5 19. Rfd1 Bc5 20. Nxd5 Rhf8 21. Be5+ Ka8 22.
Nc7+ Nxc7 23. Rxd8+ Rxd8 24. Bxc7 Qxa3 25. Rf1 Rf8 26. Qxg7 Rxf2 27. Rxf2 Qc1# 0-1

[Event "*** Titled Tuesday Blitz"]
[Site "Chess.com"]
[Date "2020.12.01"]
[Round "9"]
[White "Deepweb2020"]
[Black "HouseOfDurin"]
[Result "1-0"]
[WhiteElo "2262"]
[BlackElo "2080"]
[TimeControl "180+1"]
[EndTime "11:42:49 PST"]
[Termination "Deepweb2020 won on time"]

1. d4 Nf6 2. c4 c5 3. Nf3 cxd4 4. Nxd4 Nc6 5. g3 g6 6. Bg2 Bg7 7. O-O O-O 8. Nc3 a6 9. b3 Nxd4 10. Qxd4 Ne4 11. Qxe4 Bxc3 12. Rb1 d6 13. Bh6 Re8 14. Rfd1 Bf5 15. Qxb7 Rb8 16. Qxa6 Bxb1 17. Rxb1 Bd4 18.
b4 Rb6 19. Qa3 Qd7 20. b5 Bxf2+ 21. Kh1 Bc5 22. Qb2 e5 23. a4 Bd4 24. Qc2 Rc8 25. Qd3 Rbb8 26. Bd5 Qh3 27. Be3 Bxe3 28. Qxe3 Kg7 29. a5 Rc5 30. Qf3 Qf5 31. Qxf5 gxf5 32. a6 1-0

[Event "*** Titled Tuesday Blitz"]
[Site "Chess.com"]
[Date "2020.12.01"]
[Round "9"]
[White "parintele_chess"]
[Black "KetiTsatsalashvili"]
[Result "0-1"]
[WhiteElo "2187"]
[BlackElo "2321"]
[TimeControl "180+1"]
[EndTime "11:42:53 PST"]
[Termination "KetiTsatsalashvili won by resignation"]

1. c4 e6 2. g3 d5 3. Bg2 Nf6 4. Nf3 c6 5. O-O Be7 6. d4 O-O 7. Qc2 b6 8. b3 Nbd7 9. Nc3 Ba6 10. Bf4 Nh5 11. Ne5 Nxe5 12. Bxe5 f6 13. Bf4 Nxf4 14.
gxf4 dxc4 15. Bxc6 Rc8 16. d5 exd5 17. Bxd5+ Kh8 18.
bxc4 Bxc4 19. Bxc4 Rxc4 20. Qb3 Rxf4 21. Nd5 Rg4+ 22.
Kh1 Bd6 23. f4 Qe8 24. Qf3 f5 25. e3 Bc5 26. Rae1 Qh5 27. Re2 Qh6 28. Rg2 Rxg2 29. Kxg2 Qc6 30. Rc1 Rd8 31. Nc3 Qxf3+ 32. Kg1 0-1

[Event "*** Titled Tuesday Blitz"]
[Site "Chess.com"]
[Date "2020.12.01"]
[Round "9"]
[White "HajduIstvanCM"]
[Black "Ariadna_Atreides"]
[Result "0-1"]
[WhiteElo "1751"]
[BlackElo "2055"]
[TimeControl "180+1"]
[EndTime "11:42:55 PST"]
[Termination "Ariadna_Atreides won on time"]

1. e4 c5 2. Nf3 d6 3. d4 cxd4 4. Nxd4 Nf6 5. Nc3 Nc6 6. Be3 Ng4 7. Nxc6 bxc6 8. Bd4 e5 9. Be3 Nxe3 10. fxe3 Qb6 11.
Qd2 Qxb2 12. Rb1 Qa3 13. Bc4 Be6 14. Bxe6 fxe6 15. O-O Be7 16. Rb7 Bf6 17. Rfb1 O-O 18. Qd3 Qc5 19. Na4 Qa5 20. Nc3 d5 21. a4 Bg5 22. h3 Qc5 23. Re1 Rab8 24. Rxb8 Rxb8 25. Kh2 d4 26. exd4 exd4 27. Ne2 Qd6+ 28. Ng3 Bh4 29. e5 Qd5 30. Rf1 Qxe5 0-1

[Event "*** Titled Tuesday Blitz"]
[Site "Chess.com"]
[Date "2020.12.01"]
[Round "9"]
[White "Gulkov_Igor"]
[Black "Nikolakis2014"]
[Result "0-1"]
[WhiteElo "2511"]
[BlackElo "2718"]
[TimeControl "180+1"]
[EndTime "11:42:56 PST"]
[Termination "Nikolakis2014 won by resignation"]

1. Nf3 Nf6 2. c4 g6 3. Nc3 Bg7 4. e4 d6 5. d4 O-O 6. Be2 e5 7. Be3 Na6 8. d5 Nc5 9. Nd2 a5 10. Qc2 Nh5 11. Bxh5 gxh5 12. O-O h4 13. f3 f5 14. exf5 Bxf5 15. Nde4 b6 16. Qe2 Qe8 17. h3 Qg6 18. Bf2 Bxh3 19. Bxh4 Bf5 20. Rae1 Kh8 21.
Nxc5 bxc5 22. Ne4 Bh6 23. g4 Bd7 24. Qh2 Bf4 25. Bg3 Rf7 26. Re2 Rg8 27. Kh1 h5 28. Bxf4 Rxf4 29. Qxh5+ Qxh5+ 30. gxh5 Bg4 31. fxg4 Rxf1+ 32.
Kg2 Rf4 33. Nf2 Rgxg4+ 34. Nxg4 Rxg4+ 35. Kh3 Rxc4 36. Rf2 Kg7 37. Rg2+ Kh6 38. Rg6+ Kxh5 39. Rg7 Rd4 40. Rxc7 Rxd5 0-1

[Event "*** Titled Tuesday Blitz"]
[Site "Chess.com"]
[Date "2020.12.01"]
[Round "9"]
[White "XDPS"]
[Black "awesomevishesh"]
[Result "1-0"]
[WhiteElo "2766"]
[BlackElo "2550"]
[TimeControl "180+1"]
[EndTime "11:42:57 PST"]
[Termination "XDPS won on time"]

1. e4 c6 2. Nf3 d5 3. Nc3 dxe4 4.
Nxe4 Nf6 5. Qe2 Nxe4 6. Qxe4 Nd7 7. Bc4 Nf6 8. Ne5 e6 9. Qe2 b5 10. Bb3 Qc7 11. O-O Bd6 12. d4 O-O 13. Bf4 a5 14.
a3 c5 15. dxc5 Qxc5 16. Rfd1 Bc7 17. Nd3 Qc6 18. Bxc7 Qxc7 19. Qe5 Qc6 20. a4 Bb7 21. f3 b4 22. Nc5 Qb6 23. Rd6 Bc6 24. Kh1 Rfd8 25.
Rad1 h6 26. h3 Ne8 27. Rxd8 Rxd8 28. Rxd8 Qxd8 29. Nxe6 Qd1+ 30. Kh2 Bxf3 31. Nd4 1-0

[Event "*** Titled Tuesday Blitz"]
[Site "Chess.com"]
[Date "2020.12.01"]
[Round "9"]
[White "MashaFromRussia"]
[Black "OlifantCZ"]
[Result "0-1"]
[WhiteElo "2422"]
[BlackElo "2262"]
[TimeControl "180+1"]
[EndTime "11:42:57 PST"]
[Termination "OlifantCZ won by resignation"]

1. d4 Nf6 2. c4 g6 3. Nf3 Bg7 4. g3 c5 5. d5 O-O 6. Bg2 d6 7.
Nc3 e6 8. O-O exd5 9. cxd5 Qe7 10. Re1 Nbd7 11. e4 a6 12. a4 Rb8 13. a5 b5 14.
axb6 Ng4 15. Bg5 f6 16. Bf4 Nxb6 17. h3 Ne5 18. Nxe5 fxe5 19. Bc1 Bf6 20. h4 Rf7 21.
Bf3 Bxh4 22. gxh4 Qxh4 23. Rf1 Bh3 24. Bg2 Rbf8 25. Be3 Nc4 26. Qe2 Nxe3 27. Qxe3 Bxg2 28. Kxg2 Rf4 29. Ne2 Qg4+ 30. Ng3 Rf3 31. Qd2 h5 32. Rxa6 h4 33. Ra7 Rxg3+ 0-1

[Event "*** Titled Tuesday Blitz"]
[Site "Chess.com"]
[Date "2020.12.01"]
[Round "9"]
[White "djano"]
[Black "vovachesss"]
[Result "0-1"]
[WhiteElo "2457"]
[BlackElo "2618"]
[TimeControl "180+1"]
[EndTime "11:42:59 PST"]
[Termination "vovachesss won by resignation"]

1. e4 e6 2. d4 Ke7 3. Bd3 Ke8 4. Nc3 d6 5. f4 g6 6. Nf3 Bg7 7. O-O c5 8. Be3 cxd4 9. Nxd4 Nf6 10. Qf3 e5 11.
Nb3 Nc6 12. Rad1 Bg4 13. Qg3 Bxd1 14. Rxd1 Nh5 15. Qf2 Nxf4 16. Bxf4 exf4 17. Qxf4 Bxc3 18. bxc3 Qe7 19. Bc4 Ne5 20. Bd5 h5 21. Nd4 Kf8 22. Rf1 Kg7 23. Qg3 h4 24. Qe3 Rh5 25. Kh1 Rc8 26.
h3 Rg5 27. Qf4 Rxc3 28. Qxh4 Rcg3 29. Rf2 Qc7 30. c4 Qb6 31. Ne2 Qxf2 0-1

[Event "*** Titled Tuesday Blitz"]
[Site "Chess.com"]
[Date "2020.12.01"]
[Round "9"]
[White "yourstrulyme"]
[Black "Marianov_Podstavnikov"]
[Result "1-0"]
[WhiteElo "2467"]
[BlackElo "2267"]
[TimeControl "180+1"]
[EndTime "11:43:00 PST"]
[Termination "yourstrulyme won by resignation"]

1. e4 c5 2. Nf3 e6 3. d4 cxd4 4. Nxd4 Nc6 5. Nc3 a6 6. Nxc6 bxc6 7. Qf3 d5 8. Qg3 h5 9. h4 d4 10. Nb1 Nf6 11. Nd2 Ng4 12. Nc4 Bb4+ 13. Kd1 Qf6 14. f3 Ne3+ 15. Bxe3 dxe3 16. e5 Qd8+ 17. Bd3 a5 18.
Qxg7 Kd7 19. Qxf7+ Be7 20. Ke2 Rg8 21. Nxe3 Ba6 22.
Rad1 Kc7 23. Bxa6 Qf8 24. Qxe6 Rd8 25. Rxd8 Qxd8 26. Rd1 1-0

[Event "*** Titled Tuesday Blitz"]
[Site "Chess.com"]
[Date "2020.12.01"]
[Round "9"]
[White "Parhamov"]
[Black "NewBornNow"]
[Result "1-0"]
[WhiteElo "2914"]
[BlackElo "2711"]
[TimeControl "180+1"]
[EndTime "11:43:01 PST"]
[Termination "Parhamov won by checkmate"]

1. e4 c5 2. Nc3 d6 3. Nf3 Nf6 4. h3 g6 5. g4 Bg7 6. Bg2 O-O 7. d4 cxd4 8. Nxd4 e5 9. Nde2 Nc6 10. Be3 Be6 11.
Qd2 Qa5 12. O-O Rfd8 13. Rad1 h5 14. g5 Nd7 15. b3 Nc5 16. Nd5 Qxd2 17. Rxd2 Bxd5 18.
exd5 Ne7 19. Bxc5 dxc5 20. d6 Nf5 21. d7 Rab8 22. Rfd1 h4 23. Nc3 Bf8 24. Ne4 Nd4 25. c3 Ne6 26. Rd5 Bg7 27. Bf3 b6 28. Bg4 Nf4 29.
Rd6 Bf8 30. Rc6 Be7 31. Rc8 Kg7 32. Nf6 Rb7 33. Rd6 Bxd6 34. Rxd8 Nxh3+ 35. Bxh3 Be7 36. Rg8# 1-0

[Event "*** Titled Tuesday Blitz"]
[Site "Chess.com"]
[Date "2020.12.01"]
[Round "9"]
[White "Mr_Sinigami"]
[Black "esapunov"]
[Result "1/2-1/2"]
[WhiteElo "2591"]
[BlackElo "2801"]
[TimeControl "180+1"]
[EndTime "11:43:02 PST"]
[Termination "Game drawn by repetition"]

1. d4 Nf6 2. Nf3 g6 3. Bf4 d6 4. h3 Bg7 5. e3 O-O 6. Be2 c5 7. c3 Nbd7 8. O-O b6 9. a4 a6 10. Na3 Bb7 11. Re1 Qc7 12. Bh2 Bc6 13. Nd2 Rfb8 14.
Bf3 Qb7 15. Nc2 b5 16. e4 cxd4 17. cxd4 bxa4 18. e5 Bxf3 19. Nxf3 Ne4 20. exd6 exd6 21. Rxa4 Re8 22. d5 Ndc5 23. Rb4 Qd7 24. Nfd4 a5 25. Rb6 Rab8 26. Rxb8 Rxb8 27. f3 Nf6 28. Nc6 Rxb2 29.
Re7 Qf5 30. Re2 Qd7 31. Re7 Qf5 32. Re2 Qd7 33. Re7 1/2-1/2

[Event "*** Titled Tuesday Blitz"]
[Site "Chess.com"]
[Date "2020.12.01"]
[Round "9"]
[White "ural58"]
[Black "Colombiano07"]
[Result "0-1"]
[WhiteElo "2416"]
[BlackElo "2309"]
[TimeControl "180+1"]
[EndTime "11:43:05 PST"]
[Termination "Colombiano07 won by resignation"]

1. e4 c5 2. b3 e6 3. Qe2 d5 4. exd5 Qxd5 5. Nc3 Qd6 6. Nf3 a6 7. Bb2 Nc6 8. Ne4 Qc7 9. O-O-O Bd7 10. d4 cxd4 11.
Nxd4 Nf6 12. Nxf6+ gxf6 13. g3 O-O-O 14. Bg2 Be7 15. Qh5 Rdf8 16. Rhe1 Qa5 17. Qxa5 Nxa5 18. Nf5 Bb4 19. Re4 Nc6 20. Nd6+ Kc7 21. Nc4 Be7 22. Na5 Nxa5 23. Red4 Bc6 24. Bxc6 Nxc6 25. Rd7+ Kc8 26. R1d3 Rd8 27. Rxd8+ Rxd8 28. Rf3 f5 29. a3 Bg5+ 30. Kb1 Rd1+ 31. Ka2 Bc1 32. Bf6 Na7 33. a4 Nc6 34. Bc3 a5 35. h3 Nb4+ 36. Bxb4 axb4 37. g4 Bd2 38. c4 bxc3 39. gxf5 c2 0-1

[Event "*** Titled Tuesday Blitz"]
[Site "Chess.com"]
[Date "2020.12.01"]
[Round "9"]
[White "Keures"]
[Black "SanchezKelvin"]
[Result "0-1"]
[WhiteElo "2248"]
[BlackElo "2466"]
[TimeControl "180+1"]
[EndTime "11:43:06 PST"]
[Termination "SanchezKelvin won by resignation"]

1. d4 Nf6 2. c4 c6 3. Nc3 d5 4. Bg5 dxc4 5. a4 Nd5 6. e4 Nxc3 7. bxc3 h6 8. Bh4 b5 9. e5 Be6 10. axb5 cxb5 11. Be2 Nc6 12. Nf3 a6 13. O-O Bd5 14.
Nd2 Qd7 15. f4 e6 16. Bg4 Be7 17.
Qe1 Bxh4 18. Qxh4 Ne7 19. Qh3 O-O 20. f5 exf5 21. Bxf5 Nxf5 22. Qxf5 Qxf5 23. Rxf5 a5 24. Rf4 b4 25. Ne4 Bxe4 26. Rxe4 b3 27. Ree1 a4 28. Ra3 Rfb8 29. Rb1 b2 30. Kf2 Rb3 31. Ra2 a3 32. Ke2 Rxc3 33. Rbxb2 axb2 34. Rxa8+ Kh7 0-1

[Event "*** Titled Tuesday Blitz"]
[Site "Chess.com"]
[Date "2020.12.01"]
[Round "9"]
[White "GothamChess"]
[Black "Bigfish1995"]
[Result "0-1"]
[WhiteElo "2577"]
[BlackElo "3032"]
[TimeControl "180+1"]
[EndTime "11:43:08 PST"]
[Termination "Bigfish1995 won on time"]

1. e4 c5 2. a3 d5 3. exd5 Qxd5 4. Nf3 g6 5. Nc3 Qd8 6. Bb5+ Bd7 7. Bxd7+ Nxd7 8. d4 Bg7 9. Be3 cxd4 10. Bxd4 Ngf6 11. O-O O-O 12. Re1 a6 13. Qd3 Rc8 14. Rad1 e6 15. h3 Qc7 16. Bxf6 Nxf6 17. Qd6 Qxd6 18. Rxd6 Rfd8 19. Red1 Rxd6 20. Rxd6 Bf8 21. Rb6 Rc7 22. Na4 Nd5 23. Rb3 b5 24. Nc3 Nb6 25. Ne4 Rxc2 26. Nf6+ Kg7 27. Ne8+ Kh6 28. Ne5 g5 29. Nxf7+ Kg6 30.
Rf3 Nd7 31. Nh8+ Kh6 32. Nf7+ Kh5 33. g4+ Kh4 34. Kg2 Rxb2 35. Nf6 Nxf6 36. Rxf6 Bg7 37. Rf3 h5 38. Rg3 Bd4 0-1

[Event "*** Titled Tuesday Blitz"]
[Site "Chess.com"]
[Date "2020.12.01"]
[Round "9"]
[White "Blitzking642"]
[Black "TheCairnTerrier"]
[Result "1-0"]
[WhiteElo "2235"]
[BlackElo "2147"]
[TimeControl "180+1"]
[EndTime "11:43:08 PST"]
[Termination "Blitzking642 won on time"]

1. e4 c5 2. Nf3 e6 3. d3 Nc6 4. g3 d5 5. Nbd2 Nf6 6. Bg2 Be7 7.
O-O O-O 8. Re1 a6 9. e5 Nd7 10. Nf1 b5 11. h4 Bb7 12. N1h2 b4 13.
h5 h6 14. Ng4 Re8 15. Bf4 Bf8 16. Qd2 Qe7 17. Ne3 a5 18. g4 Qd8 19. g5 hxg5 20. Bxg5 Be7 21. Ng4 Nd4 22. Bxe7 Nxf3+ 23. Bxf3 Qxe7 24.
h6 g6 25. Kg2 Kh7 26. Rh1 Rab8 27. Qf4 d4 28. Nh2 Bxf3+ 29. Nxf3 f6 30. Rae1 Nxe5 31. Nxe5 fxe5 32. Rxe5 Rf8 33. Qe4 Rf5 34. Rxe6 Qg5+ 35. Kf1 Rxf2+ 36. Kxf2 Rf8+ 37. Ke2 Qg3 38. Re7+ Kh8 39.
Qe5+ Qxe5+ 40. Rxe5 1-0

[Event "*** Titled Tuesday Blitz"]
[Site "Chess.com"]
[Date "2020.12.01"]
[Round "9"]
[White "ondoko"]
[Black "03revilo"]
[Result "1-0"]
[WhiteElo "2140"]
[BlackElo "2315"]
[TimeControl "180+1"]
[EndTime "11:43:10 PST"]
[Termination "ondoko won by resignation"]

1. e4 c5 2. Nf3 d6 3. d4 cxd4 4.
Nxd4 Nf6 5. Nc3 a6 6. Be3 e5 7. Nb3 Be6 8. f3 Be7 9. Qd2 Nbd7 10. O-O-O a5 11. Bb5 O-O 12. g4 Qc7 13. g5 Nh5 14. Kb1 f5 15. Nd5 Bxd5 16. Qxd5+ Kh8 17. Bxd7 Qxd7 18. Qxe5 f4 19. Bf2 a4 20. Nc1 a3 21. b3 Rac8 22. Qa5 Qc6 23. Rd2 Bxg5 24. c4 Ra8 25. Qxg5 Nf6 26. Rg1 Rf7 27. Bd4 Nxe4 28.
fxe4 Qxe4+ 29. Rd3 Rg8 30. Qd5 Qe7 31. Bc3 f3 32. Rxf3 h6 33. Rxf7 1-0

[Event "*** Titled Tuesday Blitz"]
[Site "Chess.com"]
[Date "2020.12.01"]
[Round "9"]
[White "Mikasinski"]
[Black "pastouche06"]
[Result "0-1"]
[WhiteElo "2292"]
[BlackElo "2491"]
[TimeControl "180+1"]
[EndTime "11:43:11 PST"]
[Termination "pastouche06 won on time"]

1. e4 c6 2. d4 d5 3. e5 Bf5 4. h4 h5 5. Bg5 Qb6 6. Bd3 Qxd4 7. Nf3 Qg4 8. Bxf5 Qxf5 9. O-O e6 10. c4 Nd7 11.
cxd5 exd5 12. e6 fxe6 13. Nd4 Qf7 14. Nxe6 Qxe6 15. Re1 Ne5 16. f4 Bd6 17. fxe5 Bc5+ 18. Kh1 Ne7 19. Nc3 O-O-O 20. Rc1 Kb8 21. Ne2 Bb6 22.
Nf4 Qd7 23. e6 Qc7 24. Nd3 Ka8 25. Ne5 Rdf8 26. Qd3 Nf5 27. a4 Bf2 28. e7 Nxe7 29. Re2 Nf5 30. Rxf2 Qxe5 0-1

[Event "*** Titled Tuesday Blitz"]
[Site "Chess.com"]
[Date "2020.12.01"]
[Round "9"]
[White "ObidObad"]
[Black "ehrenfeld"]
[Result "0-1"]
[WhiteElo "2299"]
[BlackElo "2482"]
[TimeControl "180+1"]
[EndTime "11:43:12 PST"]
[Termination "ehrenfeld won by resignation"]

1. e4 d6 2. Ne2 g6 3. Nbc3 Bg7 4. g3 Nf6 5. Bg2 O-O 6. O-O c5 7. d4 Nbd7 8. h3 Rb8 9. dxc5 Nxc5 10. Be3 b6 11.
Nf4 Bb7 12. Nfd5 e6 13. Nxf6+ Bxf6 14. Bd4 Bxd4 15. Qxd4 Qe7 16. Rad1 Rbd8 17. Rfe1 e5 18. Qe3 Ne6 19. Nd5 Bxd5 20. exd5 Nc5 21. b4 Nd7 22. c4 Rc8 23. Rc1 a5 24. a3 axb4 25. axb4 f5 26.
f4 Rc7 27. fxe5 Qxe5 28. Qd3 Qb2 29. Rb1 Qg7 30. Re6 Ne5 31. Qe2 Nxc4 32. Re1 Qd4+ 33. Kh1 f4 34. Re8 Ne5 35. Rxf8+ Kxf8 36. gxf4 Nd3 37. Qe8+ Kg7 38. Re7+ Rxe7 39. Qxe7+ Kh6 40. Qg5+ Kg7 41. Qe7+ Kh6 42. Qxd6 Nxf4 43. Qf8+ Kh5 44. Bf3+ Kh4 45. Qh6+ Kg3 0-1